Map: 黄金之柱-天梯版

Players

iGXiGua (XiGua)

  • Race: Zerg Zerg

TIME (Oliveira) - Winner!

  • Race: Terran Terran
  • League: Master

Event: DreamHack SC2 Masters 2020 Fall

VOD

Have the link to the VOD?

Description

Time

  • Played on: Sept. 4, 2020, 8:25 a.m.
  • Length: 8:14

All games in this series

Show
View Real Time Build Order
Export as new Build Order

iGXiGua Zerg 

Build Orders: Hatch First 

Get SALT Encoding   

  12  0:00  Drone  
  13  0:13  Overlord  
  13  0:18  Drone  
  14  0:31  Drone x2  
  16  0:51  Hatchery  
  16  0:54  Drone  
  16  0:58  Drone  
  16  1:02  Drone  
  18  1:12  Extractor  
  17  1:19  Spawning Pool  
  17  1:22  Drone  
  17  1:26  Drone  
  17  1:32  Drone  
  19  1:42  Drone  
  20  1:51  Drone  
  21  2:05  Queen x2  
  21  2:06  Zergling x4  
  27  2:12  Overlord  
  27  2:15  Drone  
  28  2:31  Hatchery  
  27  2:37  Drone  
  27  2:39  Drone  
  28  2:44  Queen  
  28  2:46  Drone  
  31  2:53  Overlord  
  31  2:55  Drone  
  31  2:57  Drone  
  33  3:00  Metabolic Boost  
  33  3:05  Drone  
  34  3:07  Drone  
  34  3:09  Drone  
  36  3:15  Drone x2  
  38  3:20  Drone x2  
  38  3:23  Drone x2  
  42  3:29  Queen  
  42  3:33  Overlord  
  44  3:40  Overlord  
  44  3:42  Queen  
  44  3:45  Zergling x2  
  44  3:46  Zergling x2  
  44  3:48  Zergling x2  
  49  3:50  Drone  
  49  3:53  Drone x2  
  52  3:57  Drone  
  52  3:58  Drone x2  
  55  4:03  Overlord  
  55  4:08  Drone x3  
  58  4:11  Queen  
  58  4:17  Spore Crawler, Drone  
  61  4:18  Drone  
  61  4:23  Spore Crawler  
  61  4:24  Zergling x4  
  61  4:26  Drone  
  61  4:30  Lair  
  63  4:31  Extractor  
  63  4:32  Drone  
  63  4:33  Drone  
  63  4:35  Drone  
  64  4:39  Drone, Baneling Nest  
  64  4:40  Drone  
  64  4:41  Drone  
  66  4:48  Queen  
  66  4:50  Spine Crawler  
  67  4:53  Zergling x4  
  67  4:57  Zergling x6  
  64  5:06  Drone  
  57  5:13  Zergling x12  
  61  5:18  Drone x3  
  61  5:21  Drone  
  61  5:23  Drone  
  61  5:26  Drone  
  63  5:32  Drone x2  
  65  5:35  Drone  
  65  5:40  Drone  
  65  5:41  Centrifical Hooks  
  65  5:42  Extractor  
  66  5:43  Drone  
  66  5:45  Extractor  
  66  5:49  Drone  
  67  5:50  Drone  
  63  5:57  Drone x5  
  63  6:00  Drone x3  
  68  6:05  Zergling x8  
  68  6:06  Zergling x2  
  73  6:11  Overlord  
  73  6:15  Overlord  
  73  6:19  Overlord  
  73  6:21  Overlord  
  73  6:22  Overlord  
  73  6:23  Overlord  
  73  6:24  Overlord  
  73  6:25  Baneling  
  73  6:26  Baneling  
  73  6:29  Overlord  
  72  6:33  Zergling x2  
  72  6:36  Zergling x10  
  78  6:41  Zergling x4  
  76  6:51  Zergling x2  
  76  6:53  Zergling x10  
  82  6:57  Evolution Chamber x2  
  82  6:58  Zergling x8  
  82  7:00  Baneling x3  
  84  7:09  Drone x3  
  84  7:11  Drone x2  
  84  7:13  Drone  
  90  7:17  Hatchery, Baneling x4  
  90  7:18  Drone  
  90  7:22  Zergling x4  
  91  7:26  Baneling x2  
  91  7:29  Zergling x12  
  82  7:37  Zergling x2  
  82  7:38  Zergling x10  
  82  7:42  Zergling x2  
  85  7:49  Zergling x4  
  78  7:54  Zergling x2  
  78  7:55  Zergling x4  
Show
View Real Time Build Order
Export as new Build Order

TIME Terran - Winner!

Build Orders: Liberator Opening, Reaper Expand 

Get SALT Encoding   

  12  0:00  SCV  
  13  0:12  SCV  
  14  0:18  Supply Depot  
  14  0:24  SCV  
  15  0:40  SCV, Barracks  
  16  0:45  Refinery  
  16  0:52  SCV  
  17  1:04  SCV  
  18  1:16  SCV  
  19  1:28  Orbital Command  
  19  1:29  Reaper  
  20  1:42  Command Center  
  20  1:53  Supply Depot  
  20  1:55  SCV  
  20  2:01  Marine  
  22  2:07  SCV  
  23  2:10  Factory  
  23  2:19  SCV, Refinery  
  24  2:23  Barracks Reactor  
  24  2:32  SCV  
  25  2:44  SCV  
  26  2:55  Orbital Command  
  26  2:56  SCV, Starport  
  27  3:03  Hellion  
  27  3:04  Hellion  
  31  3:09  Marine  
  31  3:10  SCV  
  33  3:20  SCV  
  33  3:22  SCV  
  33  3:25  Hellion x2, Supply Depot  
  39  3:33  SCV, Liberator  
  43  3:36  Barracks Tech Lab  
  43  3:39  SCV  
  44  3:45  SCV  
  47  3:48  Hellion  
  47  3:49  Supply Depot  
  47  3:51  Hellion  
  47  3:53  SCV  
  50  3:57  Stimpack  
  50  3:59  SCV  
  53  4:10  Hellion  
  53  4:12  Hellion  
  53  4:13  Supply Depot  
  53  4:15  SCV  
  53  4:16  SCV  
  57  4:27  SCV  
  57  4:28  Command Center  
  57  4:30  SCV  
  59  4:39  SCV  
  59  4:40  Factory Reactor  
  59  4:43  Starport Reactor, Barracks  
  59  4:45  Marine  
  61  4:46  Barracks  
  61  4:50  SCV  
  62  4:52  Supply Depot  
  62  4:59  SCV  
  61  5:02  SCV  
  58  5:10  Engineering Bay  
  58  5:11  SCV, Engineering Bay  
  54  5:14  SCV  
  55  5:23  SCV, Medivac x2  
  55  5:24  Marine  
  55  5:26  SCV, Refinery  
  55  5:27  Refinery  
  59  5:30  Marine x2  
  59  5:32  Factory Tech Lab  
  61  5:36  SCV  
  61  5:37  Terran Infantry Weapons Level 1, Terran Infantry Armor Level 1  
  61  5:38  SCV  
  61  5:40  Combat Shield, Marine x2  
  61  5:42  Marine  
  66  5:44  Orbital Command  
  66  5:48  Marine x2  
  66  5:57  Marine x2  
  66  6:00  Siege Tank  
  67  6:06  SCV x2  
  67  6:10  Orbital Command, Marine  
  70  6:14  Marine  
  70  6:16  Barracks  
  70  6:17  Medivac, Barracks  
  73  6:18  SCV, Marine  
  73  6:20  Medivac  
  73  6:24  SCV  
  78  6:26  Marine  
  78  6:28  Armory  
  78  6:30  Marine  
  78  6:32  SCV  
  81  6:33  Marine x2  
  81  6:34  Supply Depot  
  81  6:39  Siege Tank  
  86  6:42  Marine  
  86  6:46  Marine  
  85  6:48  SCV  
  85  6:50  Marine  
  85  6:51  Medivac, Marine  
  89  6:55  SCV x2  
  89  6:56  Supply Depot  
  89  6:57  Medivac, Marine  
  89  7:00  SCV, Marine  
  96  7:04  Marine  
  96  7:06  Barracks Reactor x2  
  96  7:07  SCV  
  96  7:08  SCV, Marine  
  100  7:12  SCV  
  101  7:18  Marine  
  101  7:19  SCV, Supply Depot  
  101  7:20  SCV  
  101  7:21  Supply Depot  
  104  7:29  Marine  
  103  7:35  Marine x2  
  95  7:38  Marine  
  95  7:39  Marine, Siege Tank  
  95  7:42  SCV  
  100  7:50  Marine  
  102  7:51  SCV  
  102  7:53  Marine x2  
  102  7:54  Marine x3  
  102  7:55  SCV  

Tags
 
Add a new tag
Caveats
  • Supply blocks, unpowered buildings, or Contaminate may cause inaccurate times.
  • Supply counts are checked every 10 seconds.